 Dungeon Crawl Stone Soup version 0.21.1-1-g345015f (webtiles) character file.

404 tidbits the Insei (level 6, -8/47 HPs)
             Began as a Gnoll Transmuter on Mar 21, 2018.
             Shot with an arrow by a centaur (14 damage)
             ... on level 7 of the Dungeon on Mar 23, 2018.
             The game lasted 00:12:07 (1349 turns).

tidbits the Insei (Gnoll Transmuter)                Turns: 1349, Time: 00:12:08

Health: -8/47      AC:  2    Str: 12    XL:     6   Next: 86%
Magic:  7/14       EV: 24    Int: 17    God:
Gold:   121        SH:  0    Dex: 21    Spells: 5/15 levels left

rFire    . . .     SeeInvis .     - Unarmed
rCold    . . .     Gourm    .   (shield currently unavailable)
rNeg     . . .     Faith    .   (armour currently unavailable)
rPois    x         Spirit   .   (helmet currently unavailable)
rElec    .         Reflect  .   (cloak currently unavailable)
rCorr    .         Harm     .   (gloves currently unavailable)
MR       .....                  (boots currently unavailable)
Stlth    ++........             (no amulet)
HPRegen  0.15/turn              (no ring)
MPRegen  0.14/turn              (no ring)

@: spider-form (expiring)
A: tiny, distributed training, strong nose
a: End Transformation


You were on level 7 of the Dungeon.
You were not hungry.
You were a venomous arachnid creature.
You visited 1 branch of the dungeon, and saw 7 of its levels.
You also visited: Sewer.

You collected 121 gold pieces.

Inventory:

Hand Weapons
 g - a +1 dagger
 x - a cursed +0 dagger
Missiles
 a - 29 arrows
 v - 6 tomahawks (quivered)
Armour
 n - a +0 pair of boots
 s - a +0 ring mail
 B - a +0 robe (melded)
 D - a +0 buckler
 F - a +0 pair of boots (melded)
 G - a +2 pair of gloves (melded)
Magical Staves
 w - an uncursed staff of poison {unknown}
   (You found it on level 6 of the Dungeon)
Wands
 z - a wand of random effects (51)
Scrolls
 e - 3 scrolls of teleportation
 i - a scroll of random uselessness {unknown}
 q - a scroll of noise {unknown}
 r - a scroll of remove curse
 u - a scroll of amnesia {unknown}
 y - 3 scrolls of fog {unknown}
 A - 2 scrolls of magic mapping {unknown}
Potions
 f - a potion of heal wounds {unknown}
 h - 2 potions of lignification
 j - 3 potions of curing {unknown}
 k - 3 potions of might {unknown}
 l - a potion of resistance {unknown}
 m - 3 potions of brilliance {unknown}
 o - a potion of mutation {unknown}
 p - 2 potions of flight {unknown}
 t - a potion of haste {unknown}
Books
 d - a book of Changes

   Spells                             Type                      Level
   a - Beastly Appendage              Transmutation                1
   b - Sticks to Snakes               Transmutation                2
   c - Spider Form                    Transmutation/Poison         3
   d - Ice Form                       Ice/Transmutation            4
   e - Blade Hands                    Transmutation                5
Comestibles
 c - 4 rations


   Skills:
 + Level 3.3 Fighting
 + Level 2.1 Short Blades
 + Level 2.1 Long Blades
 + Level 2.1 Axes
 + Level 2.1 Maces & Flails
 + Level 2.1 Polearms
 + Level 2.1 Staves
 + Level 2.1 Slings
 + Level 2.1 Bows
 + Level 2.1 Crossbows
 + Level 2.1 Throwing
 + Level 2.1 Armour
 + Level 5.0 Dodging
 + Level 2.1 Stealth
 + Level 2.1 Shields
 + Level 6.9 Unarmed Combat
 + Level 5.4 Spellcasting
 + Level 1.6 Conjurations
 + Level 1.6 Hexes
 + Level 1.6 Charms
 + Level 1.6 Summonings
 + Level 1.6 Necromancy
 + Level 1.6 Translocations
 + Level 4.1 Transmutations
 + Level 1.6 Fire Magic
 + Level 1.6 Ice Magic
 + Level 1.6 Air Magic
 + Level 1.6 Earth Magic
 + Level 1.6 Poison Magic
 + Level 2.3 Invocations
 + Level 2.1 Evocations


You had 5 spell levels left.
You knew the following spells:

 Your Spells              Type           Power        Failure   Level  Hunger
e - Beastly Appendage     Tmut           ###...       10%         1    None
i - Ice Form              Ice/Tmut       ##......     61%         4    ####...
k - Sticks to Snakes      Tmut           ###.....     12%         2    #......
p - Spider Form           Tmut/Pois      ##........   28%         3    ##.....


Dungeon Overview and Level Annotations

Branches:
Dungeon (7/15)
 Temple: D:4-7

Altars:

Shops:
D:6 ?

Annotations:
D:4 exclusion: wyvern, Lanoc's ghost, amateur GnMo


Innate Abilities, Weirdness & Mutations

Your experience applies equally to all skills.
((You have very sharp teeth.))
Your uncanny sense of smell can sniff out nearby items.


Message History

The black bear looks as sick as possible!
The black bear is moderately wounded.
Your transformation has ended.
Your +2 pair of gloves unmelds from your body.
Your +0 pair of boots unmelds from your body.
Your +0 robe unmelds from your body.
The black bear closely misses you.
The black bear claws you but does no damage.
The black bear claws you.
You hit the black bear but do no damage.
The black bear is heavily wounded.
Your adder bites the phantom but does no damage.
Casting: Sticks to Snakes
Confirm with . or Enter, or press ? or * to list all spells.
You turn into a venomous arachnid creature.
Your +2 pair of gloves melds into your body.
Your +0 pair of boots melds into your body.
Your +0 robe melds into your body.
The black bear completely misses you. x2
The black bear closely misses you.
Your adder closely misses the phantom.
The phantom completely misses your adder.
Unknown command.
You hit the black bear.
The black bear is severely wounded.
The black bear goes berserk!
Your adder barely misses the phantom.
The phantom completely misses your adder.
You barely miss the black bear.
The black bear is severely wounded.
The black bear completely misses you. x3
Your adder closely misses the phantom.
The phantom closely misses your adder.
The black bear completely misses you. x2; The black bear misses you.
You hit the black bear but do no damage.
The black bear looks as sick as possible!
The black bear is almost dead.
Your adder closely misses the phantom.
The black bear completely misses you. The black bear claws you.
The black bear completely misses you. The phantom misses your adder.
Your adder bites the phantom.
You bite the black bear!
You kill the black bear!
Your Short Blades skill increases to level 2!
Your Long Blades skill increases to level 2!
Your Axes skill increases to level 2!
Your Maces & Flails skill increases to level 2!
Your Polearms skill increases to level 2!
Your Staves skill increases to level 2!
Your Slings skill increases to level 2!
Your Bows skill increases to level 2!
Your Crossbows skill increases to level 2!
Your Throwing skill increases to level 2!
Your Armour skill increases to level 2!
Your Dodging skill increases to level 5!
Your Stealth skill increases to level 2!
Your Shields skill increases to level 2!
Your Evocations skill increases to level 2!
Your adder barely misses the phantom.
The phantom closely misses your adder.
Your adder closely misses the phantom.
The phantom blinks!
Things that are here:
a black bear corpse; a giant cockroach corpse
Found 11 gold pieces.
The phantom blinks!
You see here a wand of random effects (21).
z - a wand of random effects (51) (gained 21 charges)
You see here a potion of lignification.
h - 2 potions of lignification (gained 1)
Something unseen opens the door.
A centaur comes into view.
Your transformation is almost over.
Casting: Spider Form
Confirm with . or Enter, or press ? or * to list all spells.
You create a snake!
You now have 27 arrows.
The centaur wields a shortbow.
The centaur shoots an arrow.
The arrow misses your adder. The arrow hits you!
The phantom blinks!
Unknown command.
What are your orders? t - Hiss!
Orders for allies: a - Attack new target. r - Retreat! s - Stop attacking. g - Guard the area. f - Follow me.
Anything else - Cancel.
Gang up on whom?
Press: ? - help, Dir - move target cursor, f - centaur
Aim: a centaur, wielding a shortbow Attack!
Your adder withers and dies!
The centaur shoots an arrow.
The arrow completely misses you.
The centaur shoots an arrow.
The arrow hits you!
* * * LOW HITPOINT WARNING * * *
The phantom misses you.
You closely miss the phantom.
The phantom is almost destroyed.
The centaur shoots an arrow.
The arrow hits your water moccasin!
You hit the phantom.
You destroy the phantom!
The centaur shoots an arrow.
The arrow hits your water moccasin!
You hear a distant slurping noise.
a - 29 arrows (gained 2)
Your water moccasin bites the centaur.
The centaur is poisoned.
Your water moccasin poisons the centaur!
The centaur shoots an arrow.
The arrow hits you!
* * * LOW HITPOINT WARNING * * *
Your water moccasin bites the centaur!
The centaur shoots an arrow.
The arrow hits you!
You die...

#... #..####.......#
##...##.....#.......+
.......<....'.......#
............#.......#
............#.......#
##...########†....$.#
#### ..............#
..............#
..........s...#
..............+
..............#
###+###....(..#
#....(...$
#...cS......
#...........
#...........
..###'##....


You could see a centaur and a friendly water moccasin.

Vanquished Creatures
  A black bear (D:7)
  A phantom (D:7)
  A howler monkey (D:5)
  A crimson imp (D:6)
  A hound (D:6)
  A hound skeleton (D:6)
  2 adders
  2 river rats
  2 shadow imps
  An adder skeleton (D:6)
  2 worms
  2 dart slugs (D:1)
  A leopard gecko (D:5)
  An orc (D:3)
  8 ball pythons
  A giant cockroach (D:7)
  2 goblins
  4 hobgoblins
  3 quokkas
  6 bats
  9 frilled lizards
  2 kobolds
  A quokka skeleton (D:6)
  9 rats
64 creatures vanquished.

Vanquished Creatures (collateral kills)
  An adder (D:2)
1 creature vanquished.

Grand Total: 65 creatures vanquished

Notes
Turn   | Place    | Note
-------+----------+-------------------------------------------
     0 | D:1      | tidbits the Gnoll Transmuter began the quest for the Orb.
     0 | D:1      | Reached XP level 1. HP: 17/17 MP: 6/6
    58 | D:1      | Reached XP level 2. HP: 14/23 MP: 5/7
    65 | D:1      | HP: 2/23 [dart slug/slug dart (6)]
    71 | D:1      | Learned a level 2 spell: Sticks to Snakes
    87 | D:1      | HP: 3/34 [bat (1)]
   242 | D:2      | Reached XP level 3. HP: 13/28 MP: 1/9
   247 | D:2      | Learned a level 3 spell: Spider Form
   265 | D:2      | Reached skill level 5 in Spellcasting
   648 | D:5      | Entered Level 5 of the Dungeon
   658 | D:5      | Reached skill level 1 in Invocations
   664 | D:5      | Reached skill level 1 in Short Blades
   664 | D:5      | Reached skill level 1 in Long Blades
   664 | D:5      | Reached skill level 1 in Axes
   664 | D:5      | Reached skill level 1 in Maces & Flails
   664 | D:5      | Reached skill level 1 in Polearms
   664 | D:5      | Reached skill level 1 in Staves
   664 | D:5      | Reached skill level 1 in Slings
   664 | D:5      | Reached skill level 1 in Bows
   664 | D:5      | Reached skill level 1 in Crossbows
   664 | D:5      | Reached skill level 1 in Throwing
   664 | D:5      | Reached skill level 1 in Armour
   664 | D:5      | Reached skill level 1 in Stealth
   664 | D:5      | Reached skill level 1 in Shields
   664 | D:5      | Reached skill level 1 in Evocations
   664 | D:5      | Reached XP level 4. HP: 26/34 MP: 1/11
   678 | D:4      | Noticed a wyvern
   692 | D:4      | Noticed Lanoc's ghost (amateur GnMo)
   742 | D:6      | Reached skill level 1 in Conjurations
   742 | D:6      | Reached skill level 1 in Hexes
   742 | D:6      | Reached skill level 1 in Charms
   742 | D:6      | Reached skill level 1 in Summonings
   742 | D:6      | Reached skill level 1 in Necromancy
   742 | D:6      | Reached skill level 1 in Translocations
   742 | D:6      | Reached skill level 1 in Fire Magic
   742 | D:6      | Reached skill level 1 in Ice Magic
   742 | D:6      | Reached skill level 1 in Air Magic
   742 | D:6      | Reached skill level 1 in Earth Magic
   742 | D:6      | Reached skill level 1 in Poison Magic
   742 | D:6      | Reached XP level 5. HP: 40/40 MP: 7/12
   851 | D:6      | Found Sifiyts's Magic Scroll Shoppe.
   862 | D:6      | Reached skill level 3 in Fighting
   862 | D:6      | Reached skill level 4 in Transmutations
   977 | D:6      | Found a glowing drain.
  1012 | Sewer    | Entered a sewer
  1018 | Sewer    | Learned a level 4 spell: Ice Form
  1144 | Sewer    | Reached XP level 6. HP: 47/47 MP: 9/13
  1313 | D:7      | Reached skill level 2 in Invocations
  1314 | D:7      | Noticed a phantom
  1319 | D:7      | Noticed a black bear
  1334 | D:7      | Killed a black bear
  1334 | D:7      | Reached skill level 2 in Short Blades
  1334 | D:7      | Reached skill level 2 in Long Blades
  1334 | D:7      | Reached skill level 2 in Axes
  1334 | D:7      | Reached skill level 2 in Maces & Flails
  1334 | D:7      | Reached skill level 2 in Polearms
  1334 | D:7      | Reached skill level 2 in Staves
  1334 | D:7      | Reached skill level 2 in Slings
  1334 | D:7      | Reached skill level 2 in Bows
  1334 | D:7      | Reached skill level 2 in Crossbows
  1334 | D:7      | Reached skill level 2 in Throwing
  1334 | D:7      | Reached skill level 2 in Armour
  1334 | D:7      | Reached skill level 5 in Dodging
  1334 | D:7      | Reached skill level 2 in Stealth
  1334 | D:7      | Reached skill level 2 in Shields
  1334 | D:7      | Reached skill level 2 in Evocations
  1347 | D:7      | Killed a phantom
  1349 | D:7      | Shot with an arrow by a centaur

Skill      XL: |  1  2  3  4  5  6 |
---------------+-------------------+-----
Spellcasting   | 5 |  5.4
Invocations    | 1 2 |  2.3
Short Blades   | 1 2 |  2.1
Long Blades    | 1 2 |  2.1
Axes           | 1 2 |  2.1
Maces & Flails | 1 2 |  2.1
Polearms       | 1 2 |  2.1
Staves         | 1 2 |  2.1
Slings         | 1 2 |  2.1
Bows           | 1 2 |  2.1
Crossbows      | 1 2 |  2.1
Throwing       | 1 2 |  2.1
Armour         | 1 2 |  2.1
Stealth        | 1 2 |  2.1
Shields        | 1 2 |  2.1
Evocations     | 1 2 |  2.1
Conjurations   | 1 |  1.6
Hexes          | 1 |  1.6
Charms         | 1 |  1.6
Summonings     | 1 |  1.6
Necromancy     | 1 |  1.6
Translocations | 1 |  1.6
Fire Magic     | 1 |  1.6
Ice Magic      | 1 |  1.6
Air Magic      | 1 |  1.6
Earth Magic    | 1 |  1.6
Poison Magic   | 1 |  1.6
Fighting       | 3 |  3.3
Transmutations | 4 |  4.1
Dodging        | 5 |  5.0
Unarmed Combat | |  6.9

Action                   |  1- 3 |  4- 6 || total
-------------------------+-------+-------++-------
Melee: Unarmed           |    65 |    85 ||   150
       Headbutt          |     5 |       ||     5
       Bite              |     7 |     2 ||     9
       Kick              |     2 |       ||     2
       Punch             |       |     1 ||     1
 Cast: Beastly Appendage |     8 |     1 ||     9
       Sticks to Snakes  |     3 |     3 ||     6
       Spider Form       |     5 |    13 ||    18
  Use: Potion            |     1 |       ||     1
       Scroll            |       |     3 ||     3
 Stab: Sleeping          |     1 |       ||     1
       Distracted        |       |     2 ||     2
  Eat: Chunk             |       |     3 ||     3
Armor: Robe              |     7 |     4 ||    11
       Skin              |     5 |     2 ||     7
Dodge: Dodged            |    49 |    86 ||   135

Table legend:
 A = Turns spent in this place as a percentage of turns spent in the entire game.
 B = Non-inter-level travel turns spent in this place as a percentage of non-inter-level travel turns spent in the entire game.
 C = Inter-level travel turns spent in this place as a percentage of turns spent in this place.
 D = Turns resting spent in this place as a percentage of non-inter-level travel turns spent in this place.
 E = Turns spent auto-exploring this place as a percentage of non-inter-level travel turns spent in this place.
 F = Non-inter-level travel turns spent in this place divided by the number of levels of this place that you've seen.
                   A       B       C       D       E      F
               +-------+-------+-------+-------+-------+----------------------
         Total | 100.0 | 100.0 |   0.9 |   2.2 |   0.0 | 167.1
       Dungeon |  81.2 |  81.0 |   1.1 |   2.7 |   0.0 | 154.7
         Sewer |  18.8 |  19.0 |   0.0 |   0.0 |   0.0 | 254.0
               +-------+-------+-------+-------+-------+----------------------

Table legend:
 A = Kills in this place as a percentage of kills in entire the game.
 B = Kills by you in this place as a percentage of kills by you in the entire game.
 C = Kills by friends in this place as a percentage of kills by friends in the entire game.
 D = Other kills in this place as a percentage of other kills in the entire game.
 E = Experience gained in this place as a percentage of experience gained in the entire game.
 F = Experience gained in this place divided by the number of levels of this place that you have seen.
                   A       B       C       D       E      F
               +-------+-------+-------+-------+-------+----------------------
         Total | 100.0 | 100.0 | 100.0 |   N/A | 100.0 |  72.2
       Dungeon |  76.9 |  76.6 | 100.0 |   N/A |  92.6 |  76.4
         Sewer |  23.1 |  23.4 |   0.0 |   N/A |   7.4 |  43.0
               +-------+-------+-------+-------+-------+----------------------

Vault maps used:
D:1:      dpeg_arrival_pond
D:2:      wad_river_or_something
D:3:      vehumet_crystals, first_ration
D:6:      serial_shops, shop, portal_sewer_entry_b, kennysheep_generic_room_14
D:7:      minmay_temple_entry_butterflies, nrook_pool_corridor,
          minmay_curled_crystal, minivault_24, uniq_pikel
Sewer:    sewer_co_cracked_pipes
